 Dungeon Crawl Stone Soup version 0.29.1-2-gbd0b4ee654 (webtiles) character file.

Game seed: 14719165737004254290

80 GorkyZ the Ducker (level 4, 0/34 HPs)
             Began as a Demonspawn Gladiator on Nov 23, 2022.
             Slain by an orc wizard
             ... wielding a +0 dagger
              (1 damage)
             ... on level 2 of the Dungeon.
             The game lasted 00:04:15 (2257 turns).

GorkyZ the Ducker (Demonspawn Gladiator)            Turns: 2257, Time: 00:04:15

Health: 0/34       AC:  4    Str: 14    XL:     4   Next: 18%
Magic:  4/4        EV: 12    Int:  9    God:
Gold:   163        SH:  0    Dex: 17    Spells: 3/3 levels left

rFire   . . .      SeeInvis .   a - +0 rapier
rCold   . . .      Faith    .   (no shield)
rNeg    . . .      Spirit   .   b - +0 leather armour
rPois   .          Reflect  .   c - +0 helmet
rElec   .          Harm     .   (no cloak)
rCorr   .          Rampage  .   (no gloves)
Will    .....                   (no boots)
Stlth   +.........              (no amulet)
HPRegen 0.11/turn               i - ring of flight
MPRegen 0.09/turn               (no ring)

@: flying, slowed, very slow
A: demonic guardian 1, powered by pain 1
a: no special abilities


You were on level 2 of the Dungeon.
You visited 1 branch of the dungeon, and saw 3 of its levels.

You collected 163 gold pieces.

Inventory:

Hand Weapons
 a - a +0 rapier (weapon)
 m - a +0 long sword
Missiles
 d - 3 throwing nets (quivered)
 e - a javelin
Armour
 b - a +0 leather armour (worn)
 c - a +0 helmet (worn)
 l - a +0 plate armour
Jewellery
 i - a ring of flight (left hand)
Scrolls
 g - a scroll of poison {unknown}
 h - a scroll of noise {unknown}
 j - a scroll of amnesia {unknown}
 k - a scroll of fog {unknown}
Potions
 n - a potion of might {unknown}
 o - a potion of brilliance {unknown}


   Skills:
 + Level 2.5 Fighting
 + Level 3.0 Short Blades
 + Level 2.3 Throwing
 + Level 1.1 Armour
 + Level 3.0 Dodging
 + Level 1.3 Evocations


You had 3 spell levels left.
You didn't know any spells.
Your spell library contained the following spells:

 Spells                   Type           Power      Damage    Failure   Level
 Poisonous Vapours        Pois/Air       0%         N/A       58%         2
 Corpse Rot               Necr/Pois/Air  0%         N/A       99%         4
 Summon Ice Beast         Ice/Summ       0%         N/A       99%         4
 Summon Mana Viper        Hex/Summ       0%         N/A       100%        5
 Monstrous Menagerie      Summ           0%         N/A       100%        7


Dungeon Overview and Level Annotations

Branches:
Dungeon (3/15)

Altars:

Annotations:
D:3 Natasha


Innate Abilities, Weirdness & Mutations

A weak demonic guardian rushes to your aid.
You sometimes gain a little power by taking damage.


Message History

You closely miss the orc wizard.
The endoplasm hits you but does no damage.
The orc wizard hits you but does no damage.
The goblin hits you but does no damage.
You puncture the endoplasm!
You kill the endoplasm!
The orc wizard closely misses you. The goblin barely misses you.
The orc wizard misses you. The goblin hits you but does no damage.
You completely miss the orc wizard. The orc wizard closely misses you.
The goblin barely misses you.
The orc wizard hits you but does no damage.
The goblin hits you but does no damage.
You hit the orc wizard.
The orc wizard is moderately wounded.
The orc wizard closely misses you. The goblin closely misses you.
You hit the orc wizard but do no damage.
The orc wizard is moderately wounded.
The orc wizard misses you. The goblin hits you but does no damage.
The orc wizard misses you. The goblin completely misses you.
You barely miss the orc wizard.
The orc wizard is moderately wounded.
The orc wizard gestures at you while chanting.
You resist with some effort. The goblin hits you with a +0 dagger.
You puncture the orc wizard!
The orc wizard is severely wounded.
The orc wizard hits you with a +0 dagger.
* * * LOW HITPOINT WARNING * * *
The goblin hits you but does no damage. The orc wizard barely misses you.
The goblin barely misses you.
You hit the orc wizard but do no damage.
The orc wizard is severely wounded.
The orc wizard gestures at you while chanting.
The magic dart hits you!
* * * LOW HITPOINT WARNING * * *
A demonic guardian appears!
The goblin hits you with a +0 dagger.
* * * LOW HITPOINT WARNING * * *
The orc wizard attacks as you move away!
The orc wizard misses you. The goblin hits you but does no damage.
The orc wizard hits you with a +0 dagger.
You die...

#.# #.# #.# #.# #.# #.#
#.# #.# #.# #.# #.#
#.###.# #<# #.# #.#
#.....# #.# #.# #.#
#####.# #.# #.# #.# #.#
#.# #.# #.#
#5##########.# #.# #.#
#og..........###.# ##.#
#######@#####........#..
#..#
#.......#####.######.###
#.## #.###.........#
#.... #.# #.#
#.######### #.... #.#
#.# #.# #.#.. #.# #.#
#.# #.#.# #.# #.# #.#
#.#.# #.# #.# #.# #.#.#
#.# #.###.## #.#.#


You could see an orc wizard (ally target), a goblin and a friendly ufetubus
(summoned).

Vanquished Creatures
  Jessica (D:2)
  An adder (D:2)
  An orc (D:3)
  12 ball pythons
  5 endoplasms
  A giant cockroach (D:1)
  5 goblins
  A hobgoblin (D:2)
  2 jackals (D:2)
  4 kobolds (D:1)
  2 bats
  2 frilled lizards (D:1)
  2 rats
39 creatures vanquished.

Notes
Turn   | Place    | Note
-------+----------+-------------------------------------------
     0 | D:1      | GorkyZ the Demonspawn Gladiator began the quest for the
                  | Orb.
     0 | D:1      | Reached XP level 1. HP: 16/16 MP: 1/1
    49 | D:1      | Found a faded altar of an unknown god.
   232 | D:1      | Gained mutation: You sometimes gain a little power by
                  | taking damage. [demonic ancestry]
   232 | D:1      | Reached XP level 2. HP: 21/22 MP: 2/2
   707 | D:1      | Reached skill level 1 in Evocations
  1345 | D:2      | Gained mutation: A weak demonic guardian rushes to your
                  | aid. [demonic ancestry]
  1345 | D:2      | Reached XP level 3. HP: 26/27 MP: 3/3
  1835 | D:2      | Noticed Jessica
  1840 | D:2      | Killed Jessica
  1841 | D:2      | Reached skill level 1 in Armour
  1841 | D:2      | Reached XP level 4. HP: 34/34 MP: 4/4
  2242 | D:3      | Noticed Natasha
  2256 | D:2      | HP: 1/34 [goblin/+0 dagger (1)]
  2257 | D:2      | Slain by an orc wizard

Illustrated notes

Levels and vault maps discovered:
D:1:      ncdulo_smallfort, layout_basic, shapermc_ecumenical_altar_venn,
          minivault_25, minmay_tree_intersection, st_stairs_11,
          minmay_tetromino_l4
D:2:      layout_loops_ring, minivault_11, uniq_jessica
D:3:      layout_basic, chequers_temple_overflow_statue_of_worship,
          portal_sewer_entry_f, uniq_sigmund, uniq_natasha

Skill      XL: |  1  2  3 |
---------------+----------+-----
Throwing       | 2 |  2.3
Evocations     | 1 |  1.3
Dodging        | 3 |  3.0
Short Blades   | 3 |  3.0
Armour         | 1 |  1.1
Fighting       | |  2.5

Action                   |  1- 3 |  4- 6 || total
-------------------------+-------+-------++-------
Melee: Rapier            |   108 |    24 ||   132
Throw: Dart              |       |     3 ||     3
Armor: Leather armour    |    28 |    21 ||    49
Dodge: Dodged            |    74 |    26 ||   100
